 Dungeon Crawl Stone Soup version 0.27-a0-931-g5a74e75d8f (webtiles) character file.

Game seed: 11959786496310218187

332 Alarkh the Ruffian (level 6, 0/48 HPs)
             Began as a Demonspawn Gladiator on Apr 10, 2021.
             Slain by a gnoll
             ... wielding a +0 spear
              (7 damage)
             ... on level 3 of the Dungeon.
             The game lasted 00:04:51 (3205 turns).

Alarkh the Ruffian (Demonspawn Gladiator)           Turns: 3205, Time: 00:04:52

Health: 0/48       AC:  7    Str: 15    XL:     6   Next: 26%
Magic:  6/6        EV: 12    Int: 11    God:
Gold:   116        SH:  0    Dex: 14    Spells: 5/5 levels left

rFire    . . .     SeeInvis .     - Unarmed
rCold    . . .     Faith    .   (no shield)
rNeg     . . .     Spirit   .   a - +0 leather armour
rPois    .         Reflect  .   b - +0 helmet
rElec    .         Harm     .   (no cloak)
rCorr    .         Rampage  .   o - +0 pair of gloves
Will     .....                  (no boots)
Stlth    +.........             (no amulet)
HPRegen  1.16/turn              (no ring)
MPRegen  0.10/turn              (no ring)

@: no status effects
A: talons 1, icy blue scales 1, demonic guardian 1, powered by death 1
a: no special abilities


You were on level 3 of the Dungeon.
You visited 1 branch of the dungeon, and saw 3 of its levels.

You collected 116 gold pieces.

Inventory:

Missiles
 c - 3 throwing nets (quivered)
Armour
 a - a +0 leather armour (worn)
 b - a +0 helmet (worn)
 o - a +0 pair of gloves (worn)
Wands
 p - a wand of random effects (10)
Scrolls
 e - a scroll of identify {unknown}
 f - a scroll of magic mapping
 i - 2 scrolls of noise {unknown}
 l - 2 scrolls of teleportation {unknown}
 n - a scroll of amnesia {unknown}
Potions
 d - a potion of cancellation {unknown}
 g - a potion of lignification {unknown}
 h - a potion of degeneration {unknown}
 j - a potion of haste {unknown}
 k - a potion of invisibility {unknown}
 m - a potion of heal wounds {unknown}


   Skills:
 + Level 4.0 Fighting
 - Level 1.7 Throwing
 - Level 2.6 Dodging
 * Level 5.5 Unarmed Combat


You had 5 spell levels left.
You didn't know any spells.
Your spell library contained the following spells:

 Spells                   Type           Power      Damage    Failure   Level
 Confusing Touch          Hex            0%         N/A       78%         3
 Gell's Gravitas          Tloc           0%         N/A       78%         3
 Petrify                  Tmut/Erth      0%         N/A       99%         4
 Irradiate                Conj/Tmut      0%         3d13      100%        5
 Metabolic Englaciation   Hex/Ice        0%         N/A       100%        5
 Yara's Violent Unravell  Hex/Tmut       0%         3d3       100%        5
 Blade Hands              Tmut           0%         N/A       100%        6
 Statue Form              Tmut/Erth      0%         N/A       100%        6
 Dragon Form              Tmut           0%         N/A       100%        7


Dungeon Overview and Level Annotations

Branches:
Dungeon (3/15)

Altars:
Ashenzari
Vehumet


Innate Abilities, Weirdness & Mutations

You have sharp toenails.
You are partially covered in icy blue scales. (AC +2)
A weak demonic guardian rushes to your aid.
You regenerate a little health from kills.


Message History

The gnoll barely misses you.
Things that are here:
a +1 whip of holy wrath; a +0 club; a gnoll corpse The gnoll misses you.
Items here: )))))) ††††††.
You hit the gnoll.
You kill the gnoll!
Things that are here:
a +1 whip of holy wrath; a +0 club; a gnoll corpse
There is an open door here.
Things that are here:
a +0 club; a +0 robe; a gnoll skeleton
There is an open door, spattered with blood here.
As you close the door, it creaks loudly!
Something unseen opens the door.
You see here a jackal skeleton.
You enter the shallow water.
Moving in this stuff is going to be slow.
The gnoll barely misses you.
The gnoll shouts!
You barely miss the gnoll. The gnoll hits you but does no damage.
You hit the gnoll.
The gnoll is heavily wounded.
The gnoll hits you from afar with a +0 spear.
* * * LOW HITPOINT WARNING * * *
The gnoll hits you with a +0 spear.
* * * LOW HITPOINT WARNING * * *
You hit the gnoll. Your kick misses the gnoll.
The gnoll is heavily wounded.
The gnoll hits you from afar with a +0 spear.
* * * LOW HITPOINT WARNING * * *
A demonic guardian appears!
The gnoll hits you but does no damage.
You hit the gnoll. You claw the gnoll, but do no damage.
The gnoll is severely wounded.
The gnoll splashes around in the water.
The gnoll hits you with a +0 spear.
* * * LOW HITPOINT WARNING * * *
You hit the gnoll but do no damage. You claw the gnoll.
You kill the gnoll!
The gnoll hits you from afar with a +0 spear!
You die...

,,,,,,...y,,,,,*,,,,*,#.≈≈≈....#
#####''#********,,,,#g#.≈≈≈....#
....'..+,,,,,,,+,,,,#'###≈≈....#
#####################...#≈≈....#
....................#gg.#≈≈....#
≈≈≈≈≈≈≈≈≈≈≈≈≈≈≈≈≈≈≈≈#####≈≈....#
≈≈≈≈≈≈≈≈≈≈≈≈≈≈≈≈g≈≈≈≈≈≈≈≈≈≈....#
≈≈≈≈≈≈≈≈≈≈≈≈≈≈≈≈≈≈≈≈≈≈≈≈≈≈≈....#
..............÷.@5.............#
.............)..........P......#
################################


You could see a gnoll and a friendly shadow imp (summoned).

Vanquished Creatures
  A gnoll shaman (D:3)
  An orc wizard (D:3)
  2 adders
  16 gnolls
  A worm (D:3)
  4 dart slugs
  4 orcs (D:3)
  6 endoplasms
  3 goblins
  4 hobgoblins
  22 jackals
  4 kobolds
  2 quokkas
  A ball python (D:1)
  5 bats
  3 frilled lizards
  7 rats
86 creatures vanquished.

Vanquished Creatures (collateral kills)
  6 gnolls (D:3)
6 creatures vanquished.

Vanquished Creatures (others)
  A plant (D:3)
1 creature vanquished.

Grand Total: 93 creatures vanquished

Notes
Turn   | Place    | Note
-------+----------+-------------------------------------------
     0 | D:1      | Alarkh the Demonspawn Gladiator began the quest for the
                  | Orb.
     0 | D:1      | Reached XP level 1. HP: 16/16 MP: 1/1
    68 | D:1      | Reached skill level 3 in Unarmed Combat
   301 | D:1      | Gained mutation: You regenerate a little health from kills.
                  | [demonic ancestry]
   301 | D:1      | Reached XP level 2. HP: 17/22 MP: 2/2
  1084 | D:2      | Gained mutation: You are partially covered in icy blue
                  | scales. (AC +2) [demonic ancestry]
  1084 | D:2      | Reached XP level 3. HP: 28/28 MP: 3/3
  1107 | D:2      | Found a radiant altar of Vehumet.
  1438 | D:2      | Reached skill level 4 in Unarmed Combat
  1558 | D:2      | Found a faded altar of an unknown god.
  1626 | D:2      | Gained mutation: A weak demonic guardian rushes to your
                  | aid. [demonic ancestry]
  1626 | D:2      | Reached XP level 4. HP: 34/34 MP: 4/4
  1966 | D:3      | Noticed a hornet
  2383 | D:3      | Gained mutation: You have sharp toenails. [demonic
                  | ancestry]
  2383 | D:3      | Reached XP level 5. HP: 35/41 MP: 5/5
  2384 | D:3      | Found a broken altar of Ashenzari.
  2693 | D:3      | Reached skill level 5 in Unarmed Combat
  3106 | D:3      | Reached XP level 6. HP: 28/48 MP: 6/6
  3205 | D:3      | Slain by a gnoll

Illustrated notes

Levels and vault maps discovered:
D:1:      minmay_arrival_statue_studded, layout_rooms, minmay_split_cup_small
D:2:      layout_loops_cross, basic_altar,
          hellmonk_ecumenical_altar_pennies_from_heaven, serial_rivers,
          chequers_serial_rivers_micro_e, chequers_serial_rivers_micro_b,
          chequers_serial_rivers_micro_d, chequers_serial_rivers_large_a,
          chequers_serial_rivers_small_3, chequers_serial_rivers_micro_a
D:3:      lemuel_castle_with_subvaults [lemuel_castle_interior_original],
          layout_basic, lemuel_doored_altar

Skill      XL: |  1  2  3  4  5  6 |
---------------+-------------------+-----
Unarmed Combat | 3 4 5 |  5.5
Fighting       | 3 4 |  4.0
Throwing       | |  1.7
Dodging        | |  2.6

Action                   |  1- 3 |  4- 6 || total
-------------------------+-------+-------++-------
Melee: Unarmed           |   140 |   229 ||   369
       Punch             |     1 |     4 ||     5
       Kick              |       |    33 ||    33
Throw: Throwing net      |     1 |       ||     1
  Use: Scroll            |       |     1 ||     1
 Stab: Distracted        |     1 |       ||     1
       Held in net/web   |     1 |       ||     1
Armor: Leather armour    |    57 |    93 ||   150
Dodge: Dodged            |   106 |   161 ||   267

Table legend: (Time is in decaauts)
 A = Elapsed time spent in this place.
 B = Non-inter-level travel time spent in this place.
 C = Inter-level travel time spent in this place.
 D = Time resting spent in this place.
 E = Time spent auto-exploring this place.
 F = Levels seen in this place.
 G = Mean time per level.
                   A        B        C        D        E       F      G
               +--------+--------+--------+--------+--------+-----+--------+
         Total |   3200 |   3052 |    148 |    281 |   2048 |   3 | 1066.7 |
       Dungeon |   3200 |   3052 |    148 |    281 |   2048 |   3 | 1066.7 |
               +--------+--------+--------+--------+--------+-----+--------+

Top non-repeatable levels by time:
     D:3: 1188 daAuts
     D:2: 1062 daAuts
     D:1: 948 daAuts
